% Time on Ice - COLORADO GLACIERCATS
Lines # - Real PCT - Wanted PCT - Time Play
Normal Forward
1 - 33% - 38% - 15:00
2 - 32% - 37% - 14:31
3 - 23% - 20% - 10:12
4 - 12% - 5% - 5:25
Normal Defense
1 - 37% - 39% - 16:35
2 - 30% - 33% - 13:40
3 - 33% - 28% - 14:53
4 - 0% - 0% - 0:00
PP Forward
1 - 62% - 50% - 6:34
2 - 38% - 50% - 4:05
PP Defense
1 - 44% - 50% - 4:39
2 - 56% - 50% - 6:00
PK Forward
1 - 39% - 50% - 1:33
2 - 61% - 50% - 2:25
PK Defense
1 - 52% - 50% - 2:03
2 - 48% - 50% - 1:55
PK3 Forward
1 - 0% - 50%
2 - 0% - 50%
PK3 Defense
1 - 0% - 50%
2 - 0% - 50%
44 Forward
1 - 0% - 50%
2 - 0% - 50%
44 Defense
1 - 0% - 50%
2 - 0% - 50%
Last Minute Offensive  - 0:15
Last Minute Defensive  - 0:00
Total
Forward - 60:00
Defense - 60:00
% Time on Ice - VICTORIA GLADIATORS
Lines # - Real PCT - Wanted PCT - Time Play
Normal Forward
1 - 36% - 36% - 16:29
2 - 34% - 32% - 15:23
3 - 23% - 24% - 10:13
4 - 7% - 8% - 3:14
Normal Defense
1 - 41% - 40% - 18:23
2 - 37% - 35% - 16:38
3 - 23% - 25% - 10:18
4 - 0% - 0% - 0:00
PP Forward
1 - 62% - 50% - 2:27
2 - 38% - 50% - 1:31
PP Defense
1 - 49% - 50% - 1:56
2 - 51% - 50% - 2:02
PK Forward
1 - 44% - 50% - 4:43
2 - 56% - 50% - 5:56
PK Defense
1 - 50% - 50% - 5:22
2 - 50% - 50% - 5:17
PK3 Forward
1 - 0% - 50%
2 - 0% - 50%
PK3 Defense
1 - 0% - 50%
2 - 0% - 50%
44 Forward
1 - 0% - 50%
2 - 0% - 50%
44 Defense
1 - 0% - 50%
2 - 0% - 50%
Last Minute Offensive  - 0:00
Last Minute Defensive  - 0:04
Total
Forward - 60:00
Defense - 60:00
Play-by-Play 1st period 0:01 of 1st period - Lars Eller wins face-off versus Anze Kopitar in neutral zone. 0:21 of 1st period - Minor Penalty to Esa Lindell for Hooking. 0:22 of 1st period - Johan Larsson wins face-off versus Leon Draisaitl in VICTORIA GLADIATORS zone. 0:45 of 1st period - Shot by Brayden Schenn. 0:45 of 1st period - Shot Misses the Net. 0:47 of 1st period - Shot by Zach Bogosian. 0:47 of 1st period - Stopped by Jack Campbell without a rebound. 0:48 of 1st period - Lars Eller wins face-off versus Johan Larsson in VICTORIA GLADIATORS zone. 0:51 of 1st period - Shot by Ryan Ellis. 0:51 of 1st period - Stopped by Jack Campbell with a rebound. 0:53 of 1st period - Shot by Lars Eller. 0:53 of 1st period - Shot Misses the Net. 0:55 of 1st period - Shot by Alex Iafallo. 0:55 of 1st period - Stopped by Jack Campbell without a rebound. 0:56 of 1st period - Johan Larsson wins face-off versus Lars Eller in VICTORIA GLADIATORS zone. 1:11 of 1st period - Shot by Ryan Ellis. 1:11 of 1st period - Stopped by Jack Campbell without a rebound. 1:12 of 1st period - Derek Grant wins face-off versus Leon Draisaitl in VICTORIA GLADIATORS zone. 1:26 of 1st period - Icing by Joel Edmundson. 1:27 of 1st period - Leon Draisaitl wins face-off versus Derek Grant in COLORADO GLACIERCATS zone. 1:47 of 1st period - Shot by Leon Draisaitl. 1:47 of 1st period - Stopped by Jack Campbell without a rebound. 1:48 of 1st period - Mattias Janmark wins face-off versus Lars Eller in VICTORIA GLADIATORS zone. 2:04 of 1st period - Joonas Donskoi is hit by Nick Holden and loses puck. 2:31 of 1st period - Shot by Vincent Trocheck. 2:31 of 1st period - Shot Misses the Net. 2:33 of 1st period - Shot by Brady Skjei. 2:33 of 1st period - Stopped by Darcy Kuemper without a rebound. 2:34 of 1st period - Anze Kopitar wins face-off versus Sam Gagner in COLORADO GLACIERCATS zone. 2:34 of 1st period - Anze Kopitar is hit by Joel Edmundson. 2:46 of 1st period - Shot by Bryan Rust. 2:46 of 1st period - Stopped by Darcy Kuemper without a rebound. 2:47 of 1st period - Tomas Hertl wins face-off versus Vincent Trocheck in COLORADO GLACIERCATS zone. 2:56 of 1st period - Icing by Brady Skjei. 2:57 of 1st period - Lars Eller wins face-off versus Vincent Trocheck in VICTORIA GLADIATORS zone. 3:14 of 1st period - Shot by Vincent Trocheck. 3:14 of 1st period - Shot Misses the Net. 3:31 of 1st period - Icing by Brady Skjei. 3:32 of 1st period - Tomas Hertl wins face-off versus Vincent Trocheck in VICTORIA GLADIATORS zone. 3:39 of 1st period - Shot by Brayden Schenn. 3:39 of 1st period - Goal by Brayden Schenn - COLORADO GLACIERCATS : 1 - VICTORIA GLADIATORS : 0. 3:40 of 1st period - Johan Larsson wins face-off versus Tomas Hertl in neutral zone. 4:16 of 1st period - Shot by Jared McCann. 4:16 of 1st period - Stopped by Darcy Kuemper with a rebound. 4:58 of 1st period - Shot by Anze Kopitar. 4:58 of 1st period - Stopped by Darcy Kuemper without a rebound. 4:59 of 1st period - Vincent Trocheck wins face-off versus Lars Eller in COLORADO GLACIERCATS zone. 5:21 of 1st period - Minor Penalty to Brady Skjei for Hooking. 5:22 of 1st period - Derek Grant wins face-off versus Leon Draisaitl in VICTORIA GLADIATORS zone. 5:44 of 1st period - Shot by Ryan Ellis. 5:44 of 1st period - Shot Blocked by Esa Lindell. 5:46 of 1st period - Shot by Tomas Hertl. 5:46 of 1st period - Shot Misses the Net. 5:59 of 1st period - Off-side. 6:00 of 1st period - Lars Eller wins face-off versus Johan Larsson in neutral zone. 7:58 of 1st period - Shot by Kyle Connor. 7:58 of 1st period - Shot Blocked by Jan Rutta. 9:02 of 1st period - Off-side. 9:03 of 1st period - Vincent Trocheck wins face-off versus Tomas Hertl in neutral zone. 9:28 of 1st period - Tomas Hertl is hit by Torey Krug and loses puck. 9:30 of 1st period - Minor Penalty to Torey Krug for Cross-checking. 9:31 of 1st period - Lars Eller wins face-off versus Johan Larsson in VICTORIA GLADIATORS zone. 9:34 of 1st period - Shot by Alex Iafallo. 9:34 of 1st period - Shot Misses the Net. 9:50 of 1st period - Shot by Lars Eller. 9:50 of 1st period - Shot Misses the Net. 9:52 of 1st period - Shot by Joel Edmundson. 9:52 of 1st period - Stopped by Jack Campbell without a rebound. 9:53 of 1st period - Leon Draisaitl wins face-off versus Derek Grant in VICTORIA GLADIATORS zone. 10:12 of 1st period - Shot by Leon Draisaitl. 10:12 of 1st period - Shot Misses the Net. 10:14 of 1st period - Shot by Tomas Hertl. 10:14 of 1st period - Goal by Tomas Hertl - COLORADO GLACIERCATS : 2 - VICTORIA GLADIATORS : 0. 10:15 of 1st period - Anze Kopitar wins face-off versus Sam Gagner in neutral zone. 10:19 of 1st period - Icing by Jan Rutta. 10:20 of 1st period - Anze Kopitar wins face-off versus Sam Gagner in COLORADO GLACIERCATS zone. 10:24 of 1st period - Icing by Ross Johnston. 10:25 of 1st period - Anze Kopitar wins face-off versus Sam Gagner in COLORADO GLACIERCATS zone. 10:28 of 1st period - Shot by Kyle Connor. 10:28 of 1st period - Stopped by Darcy Kuemper without a rebound. 10:29 of 1st period - Lars Eller wins face-off versus Anze Kopitar in COLORADO GLACIERCATS zone. 11:38 of 1st period - Shot by Tomas Hertl. 11:38 of 1st period - Stopped by Jack Campbell with a rebound. 11:48 of 1st period - Shot by Tomas Hertl. 11:48 of 1st period - Stopped by Jack Campbell with a rebound. 12:01 of 1st period - Icing by Vincent Trocheck. 12:02 of 1st period - Tanner Pearson wins face-off versus Luke Glendening in VICTORIA GLADIATORS zone. 12:08 of 1st period - Icing by Jakub Voracek. 12:09 of 1st period - Vincent Trocheck wins face-off versus Luke Glendening in VICTORIA GLADIATORS zone. 12:44 of 1st period - Shot by Luke Glendening. 12:44 of 1st period - Shot Misses the Net. 12:50 of 1st period - Shot by Dustin Brown. 12:50 of 1st period - Stopped by Jack Campbell without a rebound. 12:51 of 1st period - Anze Kopitar wins face-off versus Lars Eller in VICTORIA GLADIATORS zone. 13:16 of 1st period - Shot by Kyle Connor. 13:16 of 1st period - Stopped by Darcy Kuemper without a rebound. 13:17 of 1st period - Johan Larsson wins face-off versus Tomas Hertl in COLORADO GLACIERCATS zone. 13:30 of 1st period - Shot by Brayden Schenn. 13:30 of 1st period - Shot Misses the Net. 13:57 of 1st period - Jared McCann is hit by Joel Edmundson and loses puck. 14:17 of 1st period - Shot by Leon Draisaitl. 14:17 of 1st period - Stopped by Jack Campbell with a rebound. 14:29 of 1st period - Shot by Leon Draisaitl. 14:29 of 1st period - Stopped by Jack Campbell without a rebound. 14:30 of 1st period - Luke Glendening wins face-off versus Anze Kopitar in VICTORIA GLADIATORS zone. 14:51 of 1st period - Shot by Kyle Connor. 14:51 of 1st period - Deflect By Bryan Rust. 14:51 of 1st period - Shot Blocked by Jan Rutta. 14:59 of 1st period - Shot by Joonas Donskoi. 14:59 of 1st period - Stopped by Jack Campbell without a rebound. 15:00 of 1st period - Vincent Trocheck wins face-off versus Alex Iafallo in VICTORIA GLADIATORS zone. 15:08 of 1st period - Shot by Tanner Pearson. 15:08 of 1st period - Stopped by Darcy Kuemper without a rebound. 15:09 of 1st period - Alex Iafallo wins face-off versus Jakub Voracek in COLORADO GLACIERCATS zone. 15:22 of 1st period - Shot by Leon Draisaitl. 15:22 of 1st period - Stopped by Jack Campbell without a rebound. 15:23 of 1st period - Anze Kopitar wins face-off versus Tomas Hertl in VICTORIA GLADIATORS zone. 15:46 of 1st period - Brayden Schenn is hit by Esa Lindell. 17:06 of 1st period - Shot by Tanner Pearson. 17:06 of 1st period - Shot Misses the Net. 17:47 of 1st period - Shot by Joonas Donskoi. 17:47 of 1st period - Stopped by Jack Campbell without a rebound. 17:48 of 1st period - Brayden Schenn wins face-off versus Johan Larsson in VICTORIA GLADIATORS zone. 17:49 of 1st period - Shot by Tomas Hertl. 17:49 of 1st period - Goal by Tomas Hertl - COLORADO GLACIERCATS : 3 - VICTORIA GLADIATORS : 0. 17:50 of 1st period - Johan Larsson wins face-off versus Tomas Hertl in neutral zone. 18:04 of 1st period - Shot by Jared McCann. 18:04 of 1st period - Shot Misses the Net. 18:12 of 1st period - Duncan Keith is hit by Brayden Schenn and loses puck. 18:25 of 1st period - Shot by Johan Larsson. 18:25 of 1st period - Stopped by Darcy Kuemper without a rebound. 18:26 of 1st period - Anze Kopitar wins face-off versus Luke Glendening in COLORADO GLACIERCATS zone. 18:37 of 1st period - Shot by Kyle Connor. 18:37 of 1st period - Stopped by Darcy Kuemper with a rebound. 18:50 of 1st period - Shot by Anze Kopitar. 18:50 of 1st period - Shot Blocked by Joonas Donskoi. 18:52 of 1st period - Shot by Anze Kopitar. 18:52 of 1st period - Stopped by Darcy Kuemper with a rebound. 19:46 of 1st period - Shot by Jakub Voracek. 19:46 of 1st period - Stopped by Darcy Kuemper without a rebound. 19:47 of 1st period - Lars Eller wins face-off versus Johan Larsson in COLORADO GLACIERCATS zone. 19:49 of 1st period - Icing by Alex Iafallo. 19:50 of 1st period - Johan Larsson wins face-off versus Alex Iafallo in COLORADO GLACIERCATS zone. Goals for this period are 3 for COLORADO GLACIERCATS vs 0 for VICTORIA GLADIATORS. Shots for this period are 17 for COLORADO GLACIERCATS vs 11 for VICTORIA GLADIATORS. 2nd period 0:01 of 2nd period - Vincent Trocheck wins face-off versus Lars Eller in neutral zone. 0:31 of 2nd period - Ryan Ellis is hit by Tanner Pearson and loses puck. 0:46 of 2nd period - Shot by Tanner Pearson. 0:46 of 2nd period - Shot Blocked by Ryan Ellis. 1:25 of 2nd period - Icing by Joel Edmundson. 1:26 of 2nd period - Johan Larsson wins face-off versus Tomas Hertl in COLORADO GLACIERCATS zone. 2:00 of 2nd period - Shot by Tomas Hertl. 2:00 of 2nd period - Stopped by Jack Campbell without a rebound. 2:01 of 2nd period - Anze Kopitar wins face-off versus Luke Glendening in VICTORIA GLADIATORS zone. 2:03 of 2nd period - Icing by Kyle Connor. 2:04 of 2nd period - Anze Kopitar wins face-off versus Luke Glendening in VICTORIA GLADIATORS zone. 2:29 of 2nd period - Shot by Kyle Connor. 2:29 of 2nd period - Stopped by Darcy Kuemper without a rebound. 2:30 of 2nd period - Vincent Trocheck wins face-off versus Lars Eller in COLORADO GLACIERCATS zone. 2:33 of 2nd period - Shot by Tanner Pearson. 2:33 of 2nd period - Shot Blocked by Devon Toews. 4:06 of 2nd period - Zach Bogosian is hit by Bryan Rust and loses puck. 4:53 of 2nd period - Icing by Nick Holden. 4:54 of 2nd period - Johan Larsson wins face-off versus Luke Glendening in VICTORIA GLADIATORS zone. 4:54 of 2nd period - Conor Garland is hit by Luke Glendening and loses puck. 5:32 of 2nd period - Shot by Dustin Brown. 5:32 of 2nd period - Stopped by Jack Campbell without a rebound. 5:33 of 2nd period - Vincent Trocheck wins face-off versus Lars Eller in VICTORIA GLADIATORS zone. 5:33 of 2nd period - Vincent Trocheck is hit by Lars Eller. 5:40 of 2nd period - Shot by Jakub Voracek. 5:40 of 2nd period - Shot Misses the Net. 5:42 of 2nd period - Shot by Duncan Keith. 5:42 of 2nd period - Shot Misses the Net. 6:06 of 2nd period - Shot by Jakub Voracek. 6:06 of 2nd period - Stopped by Darcy Kuemper without a rebound. 6:06 of 2nd period - Minor Penalty to Ilya Lyubushkin for Interference. 6:07 of 2nd period - Tomas Hertl wins face-off versus Anze Kopitar in COLORADO GLACIERCATS zone. 6:07 of 2nd period - Tomas Hertl is hit by Anze Kopitar. 6:26 of 2nd period - Bryan Rust is hit by Joel Edmundson and loses puck. 6:29 of 2nd period - Shot by Kyle Connor. 6:29 of 2nd period - Stopped by Darcy Kuemper without a rebound. 6:30 of 2nd period - Lars Eller wins face-off versus Vincent Trocheck in COLORADO GLACIERCATS zone. 7:32 of 2nd period - Shot by Bryan Rust. 7:32 of 2nd period - Stopped by Darcy Kuemper without a rebound. 7:33 of 2nd period - Tomas Hertl wins face-off versus Anze Kopitar in COLORADO GLACIERCATS zone. 8:10 of 2nd period - Derek Grant is hit by Ross Johnston and loses puck. 8:56 of 2nd period - Minor Penalty to Duncan Keith for Holding. 8:57 of 2nd period - Johan Larsson wins face-off versus Alex Iafallo in VICTORIA GLADIATORS zone. 9:14 of 2nd period - Shot by Lars Eller. 9:14 of 2nd period - Stopped by Jack Campbell with a rebound. 9:16 of 2nd period - Shot by Joel Edmundson. 9:16 of 2nd period - Stopped by Jack Campbell without a rebound. 9:17 of 2nd period - Johan Larsson wins face-off versus Leon Draisaitl in VICTORIA GLADIATORS zone. 10:46 of 2nd period - Shot by Joonas Donskoi. 10:46 of 2nd period - Stopped by Jack Campbell without a rebound. 10:47 of 2nd period - Lars Eller wins face-off versus Johan Larsson in VICTORIA GLADIATORS zone. 11:08 of 2nd period - Shot by Sam Gagner. 11:08 of 2nd period - Deflect By Jordan Martinook. 11:08 of 2nd period - Shot Misses the Net. 11:10 of 2nd period - Shot by Jordan Martinook. 11:10 of 2n